 Dungeon Crawl Stone Soup version 0.21-a0-480-g5da0f0d (webtiles) character file.

352 slep the Skirmisher (level 6, -7/60 HPs)
             Began as a Minotaur Wanderer on Nov 22, 2017.
             Mangled by a worm (10 damage)
             ... on level 4 of the Dungeon.
             The game lasted 00:06:55 (2302 turns).

slep the Skirmisher (Minotaur Wanderer)             Turns: 2302, Time: 00:06:55

Health: -7/60      AC:  5    Str: 18    XL:     6   Next: 34%
Magic:  5/5        EV: 11    Int:  8    God:
Gold:   197        SH:  0    Dex: 11    Spells: 5/5 levels left

rFire    + . .     SeeInvis .   p - -2 mace (curse)
rCold    x . .     Gourm    .   (no shield)
rNeg     . . .     Faith    .   o - +0 ring mail
rPois    .         Spirit   .   (helmet restricted)
rElec    .         Reflect  .   (no cloak)
rCorr    .         Harm     .   (no gloves)
MR       .....                  (no boots)
Stlth    +.........             (no amulet)
HPRegen  0.20/turn              g - ring of fire
MPRegen  0.09/turn              (no ring)

@: no status effects
A: retaliatory headbutt, horns 2
a: no special abilities


You were on level 4 of the Dungeon.
You were not hungry.

You visited 1 branch of the dungeon, and saw 4 of its levels.

You collected 197 gold pieces.

Inventory:

Hand Weapons
 a - a +2 mace
 b - a +0 shortbow
 p - a cursed -2 mace (weapon)
 w - a cursed +0 scimitar
Missiles
 c - 34 arrows
 t - 10 javelins (quivered)
 v - 4 tomahawks
 B - 2 needles of paralysis
Armour
 e - a +0 robe
 o - a +0 ring mail (worn)
Jewellery
 g - a ring of fire (left hand)
Wands
 n - a wand of disintegration (4)
Scrolls
 d - a scroll of teleportation
 h - 2 scrolls of noise {unknown}
 l - 2 scrolls of magic mapping {unknown}
 r - 2 scrolls of identify {unknown}
 y - a scroll of enchant armour {unknown}
 C - a scroll of enchant weapon {unknown}
Potions
 j - a potion of lignification {unknown}
 k - a potion of magic {unknown}
 m - a potion of haste {unknown}
 q - 2 potions of curing {unknown}
 u - a potion of heal wounds {unknown}
 x - a potion of cancellation {unknown}
 z - a potion of degeneration {unknown}
Comestibles
 f - 2 bread rations
 i - a meat ration
 s - a royal jelly
 A - a chunk of flesh


   Skills:
 + Level 7.3 Fighting
 + Level 5.4 Maces & Flails
 + Level 0.5 Throwing
 + Level 3.5 Armour
 + Level 2.4 Dodging
 + Level 0.8 Stealth
   Level 2.4 Shields


You had 5 spell levels left.
You didn't know any spells.

Dungeon Overview and Level Annotations

Branches:
Dungeon (4/15)
 Temple: D:4-7

Altars:
Cheibriados
Hepliaklqana
Makhleb
Nemelex Xobeh
Sif Muna
Trog
Wu Jian

Annotations:
D:3 isock's ghost, amateur GnWn


Innate Abilities, Weirdness & Mutations

You reflexively headbutt those who attack you in melee.
You have a pair of horns on your head.


Message History

Throwing (i - inventory. (,) - cycle):
t - 11 javelins (quivered)
Press: ? - help, Shift-Dir - straight line, f/p - worm
Aim: a worm You throw a javelin.
The javelin barely misses the worm.
You hit the worm.
The worm is lightly wounded.
The worm bites you.
* * * LOW HITPOINT WARNING * * *
You hit the worm but do no damage. Your headbutt misses the worm.
The worm bites you.
* * * LOW HITPOINT WARNING * * *
You hit the worm but do no damage. You hit the worm but do no damage.
You headbutt the worm!
The worm is heavily wounded.
The worm bites you.
* * * LOW HITPOINT WARNING * * *
You sock the worm!
The worm is almost dead.
The worm bites you!
You die...

#..# #.#.# #..#
#### #.#.###
...####.. .(.
#.#...#
......... ....
###.###.#
..#####.# #..
#.....#)## ..#
#($##........##
..#
#...>.........#
..#
#..w....).....#
..#
###@.........#
.##
#.(....#.#.# .#
#......#.#.# .#
....#.###...>#
.# ###.....
..#... .#
#...####....#
.# .... ##.#.#
..#... ....#
#.###.


You could see a worm.

Vanquished Creatures
  2 ogres (D:4)
  A hound (D:3)
  3 gnolls (D:2)
  5 adders
  An ooze (D:3)
  3 worms
  2 dart slugs
  4 leopard geckos
  2 orcs
  A ball python (D:3)
  2 giant cockroaches (D:2)
  3 goblins
  8 hobgoblins
  4 jackals (D:2)
  7 kobolds
  A quokka (D:2)
  5 bats
  7 frilled lizards
  4 rats
65 creatures vanquished.

Notes
Turn   | Place    | Note
-------+----------+-------------------------------------------
     0 | D:1      | slep the Minotaur Wanderer began the quest for the Orb.
     0 | D:1      | slep set off with: a +2 mace, a +0 shortbow, 25 arrows, a scroll of teleportation, a +0 robe, a bread ration
     0 | D:1      | Reached XP level 1. HP: 24/24 MP: 0/0
   119 | D:1      | Reached XP level 2. HP: 31/31 MP: 1/1
   665 | D:2      | Reached XP level 3. HP: 20/38 MP: 2/2
   941 | D:2      | Reached skill level 7 in Fighting
  1158 | D:2      | Reached skill level 1 in Dodging
  1158 | D:2      | Reached XP level 4. HP: 19/47 MP: 3/3
  1258 | D:2      | Reached skill level 1 in Armour
  1266 | D:2      | HP: 2/47 [gnoll/whip of draining (7)]
  1642 | D:3      | Reached skill level 5 in Maces & Flails
  1642 | D:3      | Reached XP level 5. HP: 23/52 MP: 4/4
  1643 | D:3      | Found a burning altar of Makhleb.
  1715 | D:3      | Noticed isock's ghost (amateur GnWn)
  1718 | D:3      | Noticed an ogre
  2010 | D:4      | Found a burning altar of Makhleb.
  2017 | D:4      | Found a deep blue altar of Sif Muna.
  2018 | D:4      | Found a bloodstained altar of Trog.
  2018 | D:4      | Found a hazy altar of Hepliaklqana.
  2019 | D:4      | Found an ornate altar of the Wu Jian Council.
  2020 | D:4      | Found a snail-covered altar of Cheibriados.
  2023 | D:4      | Found a sparkling altar of Nemelex Xobeh.
  2246 | D:4      | Noticed an ogre
  2260 | D:4      | Killed an ogre
  2283 | D:4      | Noticed an ogre
  2288 | D:4      | Killed an ogre
  2288 | D:4      | Reached XP level 6. HP: 5/60 MP: 5/5
  2301 | D:4      | HP: 2/60 [worm (4)]
  2302 | D:4      | Mangled by a worm

Vault maps used:
D:1:      tarquinn_simple_flora_water_f
D:2:      first_bread, serial_bayou_pond_d
D:3:      makhleb_blood_cavern_becter
D:4:      minitemple, st_stairs_14, minmay_misc_feat_enclosed

Skill      XL: |  1  2  3  4  5 |
---------------+----------------+-----
Maces & Flails | 4 5 |  5.4
Fighting       | 7 |  7.3
Dodging        | 1 2 |  2.4
Armour         | 1 3 |  3.5
Throwing       | |  0.5
Stealth        | |  0.8
Shields        | |  2.4

Action                   |  1- 3 |  4- 6 || total
-------------------------+-------+-------++-------
Melee: Mace              |    95 |    87 ||   182
       Headbutt          |    14 |    21 ||    35
Throw: Javelin           |       |    10 ||    10
 Stab: Sleeping          |     1 |       ||     1
  Eat: Chunk             |     1 |     4 ||     5
Armor: Robe              |    11 |       ||    11
       Ring mail         |    16 |    22 ||    38
Dodge: Dodged            |    53 |    41 ||    94

Table legend:
 A = Spawn XP
 B = Non-spawn XP
 C = Spawn XP percentage of total XP
 D = Spawn monster count
 E = Non-spawn monster count
 F = Spawn count percentage of total count
 G = Total turns spent on level
                    A         B        C        D         E        F      G
               +---------+---------+-------+---------+---------+-------+---------
         Total |       0 |     503 |   0.0 |       0 |      65 |   0.0 |  2302
               +---------+---------+-------+---------+---------+-------+---------
           D:1 |       0 |      25 |   0.0 |       0 |      13 |   0.0 |   616
           D:2 |       0 |     140 |   0.0 |       0 |      33 |   0.0 |   956
           D:3 |       0 |      88 |   0.0 |       0 |      11 |   0.0 |   184
           D:4 |       0 |     250 |   0.0 |       0 |       8 |   0.0 |   546
               +---------+---------+-------+---------+---------+-------+---------
